 Dungeon Crawl Stone Soup version 0.29.1-2-gbd0b4ee654 (webtiles) character file.

Game seed: 8272655505666201227

479 hawla the Chiller (level 7, -1/50 HPs)
             Began as a Meteoran Ice Elementalist on Nov 13, 2022.
             Was an Initiate of Vehumet.
             Killed by nerve-wracking pain
             ... invoked by a shadow imp
              (9 damage)
             ... on level 5 of the Dungeon.
             The game lasted 00:12:13 (2765 turns).

hawla the Chiller (Meteoran Ice Elementalist)       Turns: 2765, Time: 00:12:13

Health: -1/50      AC:  3    Str: 10    XL:     7   Next: 60%
Magic:  13/13      EV: 12    Int: 18    God:    Vehumet [......]
Gold:   169        SH:  0    Dex: 15    Spells: 5/13 levels left

rFire   . . .      SeeInvis .   (no weapon)
rCold   . . .      Faith    .   (no shield)
rNeg    . . .      Spirit   .   a - +1 robe
rPois   .          Reflect  .   (no helmet)
rElec   .          Harm     .   (no cloak)
rCorr   +          Rampage  .   (no gloves)
Will    .....                   (no boots)
Stlth   +.........              i - amulet of the acrobat
HPRegen 0.16/turn               d - ring of resist corrosion
MPRegen 0.13/turn               (no ring)

@: freezing walls, glowing
A: sense surroundings 1, otherworldly, glowing, explore regen
a: Renounce Religion


You were on level 5 of the Dungeon.
You worshipped Vehumet.
Vehumet was noncommittal.
You visited 2 branches of the dungeon, and saw 6 of its levels.

You collected 169 gold pieces.

Inventory:

Armour
 a - a +1 robe (worn)
Jewellery
 d - a ring of resist corrosion (left hand)
 i - an amulet of the acrobat (around neck)
Wands
 h - a wand of paralysis (6) (quivered)
Scrolls
 k - 3 scrolls of vulnerability {unknown}
 l - a scroll of teleportation
 n - 2 scrolls of noise
Potions
 c - 4 potions of curing
 e - a potion of invisibility
 f - 3 potions of attraction
 g - a potion of lignification
 j - 2 potions of degeneration {unknown}
 m - a potion of haste
 o - a potion of ambrosia {unknown}


   Skills:
 + Level 2.6 Dodging
 - Level 1.4 Stealth
 + Level 3.7 Spellcasting
 + Level 5.9 Conjurations
 + Level 6.2 Ice Magic
 + Level 2.0 Evocations


You had 5 spell levels left.
You knew the following spells:

 Your Spells              Type           Power      Damage    Failure   Level
a - Freeze                Ice            100%       1d11      1%          1
b - Frozen Ramparts       Ice            50%        1d8       3%          3
c - Hailstorm             Conj/Ice       25%        3d7       12%         4

Your spell library contained the following spells:

 Spells                   Type           Power      Damage    Failure   Level
 Ozocubu's Armour         Ice            25%        N/A       3%          3
 Confusing Touch          Hex            3%         N/A       41%         3
 Inner Flame              Hex/Fire       3%         N/A       41%         3
 Cause Fear               Hex            1%         N/A       83%         4
 Yara's Violent Unravell  Hex/Tmut       1%         3d3       99%         5
 Enfeeble                 Hex            1%         N/A       100%        7
 Discord                  Hex            1%         N/A       100%        8


Dungeon Overview and Level Annotations

Branches:
Dungeon (5/15) Zot: 245    Temple (1/1) D:4 Zot: 581

Altars:
Cheibriados
Dithmenos
Elyvilon
Hepliaklqana
Kikubaaqudgha
Nemelex Xobeh
Qazlal
Sif Muna
Uskayaw
Vehumet
Wu Jian

Shops:
D:2 *   D:4 =


Innate Abilities, Weirdness & Mutations

You passively map a small area around you.
You are easily found by Zot.
You glow in the dark.
You regain HP and MP as you explore.


Message History

* * * LOW HITPOINT WARNING * * *
Casting: Freeze (safe; 1% risk of failure)
Confirm with . or Enter, or press ? or * to list all spells.
Aiming: Freeze (safe; 1% risk of failure)
Press: ? - help, Shift-Dir - straight line, f/p - shadow imp
Aim: a shadow imp (severely wounded)
You freeze the shadow imp.
The shadow imp resists.
The shadow imp is almost dead.
The shadow imp closely misses you. The shadow imp gestures at you.
You resist with significant effort. The shadow imp gestures at you.
You resist with significant effort. The shadow imp gestures at you.
You resist with significant effort. The shadow imp gestures at you.
You resist with significant effort.
Saving game... please wait.
Welcome back, hawla the Meteoran Ice Elementalist.
Vehumet says: Let it end in hellfire!
Press ? for a list of commands and other information.
Cast which spell? (? or * to list)
You don't have enough magic to cast this spell.
The shadow imp gestures at you. Pain shoots through your body!
* * * LOW HITPOINT WARNING * * *
It was a potion of curing.
You feel better.
Cast which spell? (? or * to list)
Casting: Frozen Ramparts (dangerous; 3% risk of failure)
Press: ? - help, Dir - look around, f - activate The walls around you are covered in ice.
The shadow imp completely resists.
The wall freezes the shadow imp but does no damage.
The shadow imp hits you.
* * * LOW HITPOINT WARNING * * *
Magic courses through your body.
The shadow imp resists.
The wall freezes the shadow imp.
The shadow imp gestures at you. Pain shoots through your body!
You die...

### #######......# ##..##
..###......[#.#### #.รท####
#..#..#######.# ##.#...#
##.#.## #.# #..#...# ##.#.#
######.# ###.##...#
.....###....#.###...##...#
.........##...#..........####
##.####### #.......##......#
##.# ####...@#####....#.# #.#
####....#.5.####...## #
#.####.......#.#..##....#*,*
##...##...##....##....####
..........##..#.....###
##..............###.#######.*
...........##.### #.........
.#...##...###.# ########..
#..####.#...#5# *,


You could see a shadow imp.

Vanquished Creatures
  A sky beast (D:4)
  A phantom (D:5)
  A scorpion (D:5)
  An orc priest (D:5)
  Natasha (twice) (D:4)
  2 orc wizards (D:5)
  An iguana (D:5)
  2 adders
  An ufetubus (D:4)
  2 worms (D:3)
  2 dart slugs (D:1)
  2 orcs
  5 ball pythons
  3 bats
  6 endoplasms
  5 giant cockroaches
  10 hobgoblins
  2 jackals (D:2)
  2 quokkas
  7 frilled lizards
  7 goblins
  5 kobolds
  6 rats
76 creatures vanquished.

Vanquished Creatures (others)
  A plant (D:1)
1 creature vanquished.

Grand Total: 77 creatures vanquished

Notes
Turn   | Place    | Note
-------+----------+-------------------------------------------
     0 | D:1      | hawla the Meteoran Ice Elementalist began the quest for the
                  | Orb.
     0 | D:1      | Reached XP level 1. HP: 14/14 MP: 5/5
    95 | D:1      | Reached XP level 2. HP: 15/20 MP: 2/6
   247 | D:1      | Reached skill level 5 in Ice Magic
   269 | D:1      | Reached XP level 3. HP: 19/26 MP: 4/8
   273 | D:1      | Learned a level 3 spell: Frozen Ramparts
   491 | D:1      | Glimpsed the power of Zot.
   547 | D:2      | Found a faded altar of an unknown god.
   814 | D:2      | Reached skill level 1 in Evocations
   882 | D:2      | Reached XP level 4. HP: 33/33 MP: 5/9
   919 | D:2      | Found Yrit's General Store.
  1092 | D:2      | Glimpsed the power of Zot.
  1692 | D:3      | Glimpsed the power of Zot.
  1742 | D:3      | Glimpsed the power of Zot.
  1820 | D:4      | Learned a level 4 spell: Hailstorm
  1907 | D:4      | Found a staircase to the Ecumenical Temple.
  1923 | Temple   | Entered the Ecumenical Temple
  1932 | Temple   | Became a worshipper of Vehumet
  1956 | D:4      | Reached XP level 5. HP: 26/38 MP: 6/11
  2052 | D:4      | Noticed a sky beast
  2059 | D:4      | Killed a sky beast
  2060 | D:4      | Reached skill level 6 in Ice Magic
  2060 | D:4      | Reached XP level 6. HP: 28/45 MP: 4/12
  2068 | D:4      | Noticed Natasha
  2071 | D:4      | Killed Natasha
  2258 | D:4      | Found Fiuw Liy's Jewellery Emporium.
  2282 | D:4      | Noticed Natasha
  2286 | D:4      | Killed Natasha
  2311 | D:4      | Glimpsed the power of Zot.
  2328 | D:5      | Entered Level 5 of the Dungeon
  2488 | D:5      | Reached skill level 5 in Conjurations
  2488 | D:5      | Reached XP level 7. HP: 35/50 MP: 2/13
  2715 | D:5      | Found a snail-covered altar of Cheibriados.
  2717 | D:5      | Found an ornate altar of the Wu Jian Council.
  2717 | D:5      | Found a shimmering blue altar of Sif Muna.
  2718 | D:5      | Found a sparkling altar of Nemelex Xobeh.
  2718 | D:5      | Found an ancient bone altar of Kikubaaqudgha.
  2760 | D:5      | HP: 2/50 [shadow imp/nerve-wracking pain (12)]
  2765 | D:5      | Killed from afar by a shadow imp

Illustrated notes

Levels and vault maps discovered:
D:1:      sevenhm_arrival_forest_fort_small_4, layout_loops_ring, serial_forest,
          infiniplex_forest_lined_room_2, infiniplex_forest_clump_C,
          infiniplex_forest_end_2, infiniplex_forest_straight_2,
          infiniplex_forest_straight_3, infiniplex_forest_clump_C,
          infiniplex_forest_straight_3, minmay_misc_feat_enclosed,
          minmay_cut_off
D:2:      layout_loops_cross, serial_shops, nicolae_shop_crystal,
          ebering_ecumenical_altar_mist, kennysheep_decorative_pillar,
          kennysheep_generic_room_7
D:3:      layout_loops_ring, marbit_many_paths
D:4:      layout_loops_cross, minmay_temple_entry_offerings, serial_shops, shop,
          uniq_natasha
D:5:      layout_rooms, nicolae_yredelemnul_ghost_church, minitemple,
          kennysheep_minor_cross, grunt_ministairs_11, kennysheep_another_room
Temple:   nicolae_temple_two_arcs

Skill      XL: |  1  2  3  4  5  6 |
---------------+-------------------+-----
Ice Magic      | 5 6 |  6.2
Spellcasting   | 3 |  3.7
Evocations     | 1 2 |  2.0
Conjurations   | 2 5 |  5.9
Dodging        | |  2.6
Stealth        | |  1.4

Action                   |  1- 3 |  4- 6 |  7- 9 || total
-------------------------+-------+-------+-------++-------
Melee: Unarmed           |    14 |     2 |    57 ||    73
       Punch             |       |       |     1 ||     1
 Cast: Freeze            |    26 |    31 |    16 ||    73
       Frozen Ramparts   |    13 |    31 |     7 ||    51
       Hailstorm         |       |     2 |     1 ||     3
Evoke: Wand              |       |       |     4 ||     4
  Use: Scroll            |       |     9 |       ||     9
       Potion            |       |       |     2 ||     2
 Stab: Paralysed         |       |       |    26 ||    26
Armor: Robe              |     7 |     7 |     6 ||    20
Dodge: Dodged            |    20 |    21 |    24 ||    65
